Unix NetHack Version 3.7.0-88 Work-in-progress - last build Jul 17 2023 12:26:22 (ff3987481174382ea04ebda72e34ac83a40b9a22,branch:master). Game began 2023-07-30 16:51:45, ended 2023-07-30 17:23:15. SeamusMcRed, lawful male human Samurai ------------ ------- --- --- -..`)...)<.. ...^..---..- -..| |... -------- ----- --##-....... ..@## -- |...-- #....... ..sh- |...... |.....-- -.... ---..... -....-- -%.##. --..... |-....| ....>... |...... ....-- |....-- ........ -......0 ..(.... --..#- $....).. ..--..----........---.-#- ...%.. . -..................... --- ..... ....-------..........-- -.--- -.. ---- -.......--.-| |%...-- ...........| ......--- --------..---.......^-- |................ --............... |.......| .....- --.---.- |.--- - - SeamusMcRed the Ninja St:18/07 Dx:15 Co:18 In:13 Wi:7 Ch:7 Lawful S:1808 Dlvl:5 $:132 HP:0(58) Pw:22(22) AC:2 Xp:6/354 T:2007 Deaf Latest messages: You snuff out your tallow candles. What do you want to use or apply? [qvwADI or ?*] Your bag is empty. A board beneath you squeaks a G sharp loudly. A board beneath you squeaks a G sharp loudly. You are beginning to feel hungry. What do you want to eat? [puz or ?*] Blecch! Rotten food! What do you want to eat? [uz or ?*] This fortune cookie is delicious! This cookie has a scrap of paper inside. It reads: Eat 10 cloves of garlic and keep all humans at a two-square distance. You destroy the gnome zombie! What do you want to wield? [- abcd or ?*] You are already wielding that! You see here a white gem. You are momentarily blinded by a flash of light! You hear a deafening roar! s - a white gem (2 in total). It bites! It bites! It bites! It bites! It bites! What do you want to read? [ryFGQ or ?*] As you pronounce the formula on it, the scroll disappears. You materialize on a different level! What do you want to drink? [ijtB or ?*] Never mind. You can see again. What do you want to wield? [- abcd or ?*] You are already wielding that! You climb up the stairs. You see here a Green-elf corpse. What do you want to wield? [- abcd or ?*] You are already wielding that! You hit the giant spider! You hit the giant spider! The giant spider bites! You miss the giant spider. The giant spider misses! The giant spider bites! The giant spider bites! What do you want to wield? [- abcd or ?*] c - a +1 yumi (weapon in hand). The giant spider bites! You die... Do you want your possessions identified? [ynq] (y) Do you want to see your attributes? [ynq] (y) Inventory: Coins $ - 132 gold pieces Weapons d - 18 +0 ya (in quiver) c - a +1 yumi (weapon in hand) a - a +0 katana b - a blessed +0 wakizashi Armor h - an uncursed +0 orcish helm (being worn) O - a cursed -2 pair of iron shoes l - an uncursed +0 small shield (being worn) E - an uncursed +0 cloak of magic resistance P - an uncursed +0 dwarvish cloak (being worn) R - a blessed +1 mummy wrapping e - an uncursed rustproof +0 splint mail (being worn) Comestibles u - an uncursed fortune cookie z - an uncursed gunyoki Scrolls Q - an uncursed scroll of amnesia F - a cursed scroll of gold detection r - 2 uncursed scrolls of identify y - a cursed scroll of remove curse Potions j - an uncursed potion of confusion i - an uncursed potion of monster detection t - an uncursed potion of object detection B - an uncursed potion of water Rings C - an uncursed ring of conflict named unC H - a cursed ring of regeneration Wands v - a cursed wand of secret door detection (0:15) D - a wand of striking (0:8) Tools I - an empty cursed bag of holding q - an uncursed stethoscope (alternate weapon; not wielded) A - 7 uncursed partly used tallow candles w - an uncursed partly used wax candle (lit) Gems/Stones x - a cursed worthless piece of blue glass K - a cursed worthless piece of green glass s - 2 uncursed worthless pieces of white glass L - a cursed worthless piece of white glass M - a cursed worthless piece of yellow glass SeamusMcRed the Samurai's attributes: Background: You were a Ninja, a level 6 male human Samurai. You were lawful, on a mission for Amaterasu Omikami who was opposed by Raijin (neutral) and Susanowo (chaotic). You were in the Gnomish Mines, on level 5. You entered the dungeon 2007 turns ago. You had 354 experience points, 286 more were needed to attain level 7. Your score was 1808 before end-of-game adjustments. Basics: You had 0 out of 58 hit points. You had all 22 energy points (spell power). Your armor class was 2. Your wallet contained 132 zorkmids. Autopickup was on for '$"?!=/' plus thrown. Final Characteristics: Your strength was 18/07 (limit:18/100). Your dexterity was 15 (peak:16, limit:18). Your constitution was 18 (limit:18). Your intelligence was 13 (limit:18). Your wisdom was 7 (limit:18). Your charisma was 7 (limit:18). Final Status: You were deaf. You were not hungry. You were unencumbered. You were wielding a bow. You had basic skill with bow. Final Attributes: You were devoutly aligned. You were warded. You were fast. You were unlucky. You are dead. Miscellaneous: You encountered 2 bones levels. Total elapsed playing time was 31 minutes and 27 seconds. Major events: Turn 1: SeamusMcRed the lawful male human Samurai entered the dungeon 450: entered the Gnomish Mines 508: attained the rank of Ronin (level 3) 1820: attained the rank of Ninja (level 6) 1980: reached Mine Town 2007: killed by a giant spider Vanquished creatures: a giant mimic an imp a rock piercer 2 gnome leaders 5 hill orcs 4 orc zombies 2 iguanas 2 manes 2 hobgoblins a giant rat 11 gnomes 2 garter snakes 2 gnome zombies a gecko 3 jackals a fox 2 goblins 3 sewer rats a grid bug 2 lichens 2 newts 51 creatures vanquished. No species were genocided or became extinct. Voluntary challenges: You read items or engraved 5 times. You never engraved Elbereth. You never genocided any monsters. You never polymorphed an object. You never changed form. You used no wishes. Achievements: You entered the Gnomish Mines. You attained the rank of Ronin. You entered a shop. You attained the rank of Ninja. You entered Minetown. The Dungeons of Doom: levels 1 to 4 Level 1: Level 2: A general store. Stairs down to The Gnomish Mines. Level 3: "Hidden treasure" A general store, an altar. Level 4: A fountain, a grave. The Gnomish Mines: levels 3 to 6 Level 3: Level 4: A grave. Final resting place for arthur-Wiz-Gno-Mal-Neu, killed by a hill orc. Level 5: <- You were here. Final resting place for you, killed by a giant spider, puncake-Wiz-Elf-Mal-Cha, killed by a gnome zombie. Level 6: Game over: ---------- / \ / REST \ / IN \ / PEACE \ / \ | SeamusMcRed | | 132 Au | | killed by a | | giant spider | | | | | | 2023 | *| * * * | * _________)/\\_//(\/(/\)/\//\/|_)_______ Sayonara SeamusMcRed the Samurai... You died in The Gnomish Mines on dungeon level 5 with 1795 points, and 132 pieces of gold, after 2007 moves. You were level 6 with a maximum of 58 hit points when you died.